 Dungeon Crawl Stone Soup version 0.28-a0-1594-ga885d4b3d6 (webtiles) character file.

Game seed: 17374242656959429415

928 riojii the Insei (level 8, -12/52 HPs)
             Began as an Octopode Transmuter on Jan 20, 2022.
             Was an Initiate of Makhleb.
             Mangled by an ice beast (14 damage)
             ... on level 4 of the Dungeon.
             The game lasted 00:08:53 (7684 turns).

riojii the Insei (Octopode Transmuter)              Turns: 7684, Time: 00:08:54

Health: -12/52     AC:  2    Str:  9    XL:     8   Next: 11%
Magic:  10/13      EV: 21    Int: 34    God:    Makhleb [......]
Gold:   279        SH:  0    Dex: 19    Spells: 5/14 levels left

rFire   . . .      SeeInvis .     - Unarmed
rCold   . . .      Faith    .   (shield currently unavailable)
rNeg    . . .      Spirit   .   (helmet currently unavailable)
rPois   .          Reflect  .   (no amulet)
rElec   .          Harm     .   c - +6 ring of intelligence
rCorr   .          Rampage  .   e - +6 ring of intelligence
Will    .....                   g - ring of poison resistance
Stlth   ++........              a - +6 ring of intelligence
HPRegen 0.17/turn               (no ring)
MPRegen 0.13/turn               (no ring)
                                (no ring)
                                (no ring)

@: spider-form
A: venomous fangs, almost no armour, (amphibious), 8 rings, tiny, (camouflage
1), (gelatinous body 1), (nimble swimmer 1), (tentacles), (fire resistance 1)
a: End Transformation, Renounce Religion


You were on level 4 of the Dungeon.
You worshipped Makhleb.
Makhleb was noncommittal.
You were a venomous arachnid creature.
You visited 2 branches of the dungeon, and saw 8 of its levels.

You collected 279 gold pieces.

Inventory:

Jewellery
 a - a +6 ring of intelligence (on tentacle)
 c - a +6 ring of intelligence (left front leg)
 e - a +6 ring of intelligence (right front leg)
 g - a ring of poison resistance (on tentacle)
Scrolls
 f - a scroll of blinking
 h - a scroll of enchant armour


   Skills:
 + Level 3.3 Fighting
 + Level 3.8 Dodging
 * Level 5.6 Unarmed Combat
 + Level 3.6 Spellcasting
 * Level 5.0 Transmutations
 - Level 1.0 Poison Magic


You had 5 spell levels left.
You knew the following spells:

 Your Spells              Type           Power      Damage    Failure   Level
a - Beastly Appendage     Tmut           80%        N/A       4%          1
b - Spider Form           Tmut/Pois      26%        N/A       13%         3
c - Blade Hands           Tmut           20%        N/A       38%         5

Your spell library contained the following spells:

 Spells                   Type           Power      Damage    Failure   Level
 Wereblood                Tmut           40%        N/A       5%          2
 Corpse Rot               Necr/Air       12%        N/A       21%         2
 Dazzling Flash           Conj/Hex       12%        N/A       34%         3
 Ice Form                 Ice/Tmut       23%        N/A       38%         4
 Dispel Undead            Necr           6%         3d8       67%         4
 Iskenderun's Mystic Bla  Conj/Tloc      6%         2d4       67%         4
 Death Channel            Necr           3%         N/A       100%        6
 Iron Shot                Conj/Erth      3%         9d2       100%        6
 Starburst                Conj/Fire      3%         6d3       100%        6
 Animate Armour           Summ/Erth      Unusable   N/A       N/A         4

Dungeon Overview and Level Annotations

Branches:
Dungeon (7/15)             Temple (1/1) D:6

Altars:
Ashenzari
Dithmenos
Elyvilon
Fedhas
Gozag
Hepliaklqana
Kikubaaqudgha
Makhleb
Nemelex Xobeh
Okawaru
Qazlal
Ru
Sif Muna
Trog
Uskayaw
Vehumet
Wu Jian
Xom
Yredelemnul
Zin
The Shining One


Innate Abilities, Weirdness & Mutations

You are a venomous arachnid creature.
You have poisonous fangs.
You are tiny and dextrous.
Your spellcasting is less reliable in this form.
Your armour is entirely melded.
You are incapable of wielding weapons or throwing items.
You cannot wear most types of armour.
((You are amphibious.))
You can wear up to eight rings at the same time.
((Your skin changes colour to match your surroundings (Stealth+).))
((Your rubbery body absorbs attacks. (AC +1, EV +1)))
((You are camouflaged when in or above water. (Stealth+)))
((You have tentacles for arms and can constrict up to eight enemies at once.))
((Your flesh is heat resistant. (rF+)))


Message History

This is a scroll of acquirement!
Something appears before you! The ice beast closely misses you.
It was a potion of heal wounds.
You feel much better. The ice beast hits you. The ice beast freezes you!
It was a potion of mutation.
You feel extremely strange.
You feel resistant to heat. The ice beast barely misses you.
You tentacle-slap the ice beast.
You pierce the ice beast.
The ice beast is moderately wounded.
The ice beast misses you.
You tentacle-slap the ice beast but do no damage.
Your tentacle spike misses the ice beast.
The ice beast is moderately wounded.
The ice beast hits you. The ice beast freezes you.
* * * LOW HITPOINT WARNING * * *
Your transformation is almost over.
Your tentacle spike disappears.
You see here 960 gold pieces.
Casting: Beastly Appendage (safe; 1% risk of failure)
Confirm with . or Enter, or press ? or * to list all spells.
You turn into a venomous arachnid creature.
The ice beast closely misses you.
You hit the ice beast.
The ice beast is heavily wounded.
The ice beast barely misses you.
You hit the ice beast but do no damage.
The ice beast is heavily wounded.
The ice beast barely misses you.
You hit the ice beast.
The ice beast is severely wounded.
The ice beast hits you.
* * * LOW HITPOINT WARNING * * *
The ice beast freezes you!
* * * LOW HITPOINT WARNING * * *
You hit the ice beast.
The ice beast is almost dead.
The ice beast hits you.
* * * LOW HITPOINT WARNING * * *
The ice beast freezes you!
You die...

#.######## ...##.##.##
......#...# #### .......#.##
#..## #### ### .......#..###...##
##..# #.####
...........##....####...####..##.
............#.....#......#....#..
.................Y.......#.......
##..........##.#s#..........#####
###.....#...#..#.##..........###.
##......##.......###......<......
..........(......#...............
.<.........#.....#...............
..........##>......#.#..#.....##.
..#..........###...#...##........
.............#.....#......##.##..
.............................###.


You could see an ice beast.

Vanquished Creatures
  A black bear (D:6)
  2 ogres
  A phantom (D:4)
  2 scorpions (D:5)
  An orc priest (D:3)
  A bullfrog skeleton (D:6)
  4 hounds
  Jessica (D:3)
  3 orc wizards
  8 gnolls
  2 adders
  A river rat (D:3)
  2 ufetubi (D:5)
  An adder skeleton (D:4)
  2 worms
  A dart slug (D:4)
  10 orcs
  6 endoplasms
  3 giant cockroaches
  4 hobgoblins
  2 jackals (D:1)
  4 quokkas
  5 ball pythons
  12 bats
  2 frilled lizards
  3 goblins
  2 kobolds
  7 rats
93 creatures vanquished.

Notes
Turn   | Place    | Note
-------+----------+-------------------------------------------
     0 | D:1      | riojii the Octopode Transmuter began the quest for the Orb.
     0 | D:1      | Reached XP level 1. HP: 13/13 MP: 3/3
   314 | D:1      | Reached XP level 2. HP: 18/18 MP: 3/5
   892 | D:2      | Found a faded altar of an unknown god.
  1241 | D:2      | Reached XP level 3. HP: 14/23 MP: 4/6
  1260 | D:2      | Learned a level 3 spell: Spider Form
  2293 | D:3      | Reached XP level 4. HP: 28/28 MP: 1/7
  2297 | D:3      | Reached skill level 1 in Poison Magic
  2642 | D:3      | Noticed Jessica
  2654 | D:3      | Killed Jessica
  2655 | D:3      | Reached XP level 5. HP: 9/34 MP: 5/8
  3134 | D:3      | Learned a level 5 spell: Blade Hands
  4099 | D:4      | Noticed a phantom
  4542 | D:4      | Killed a phantom
  4543 | D:4      | Reached XP level 6. HP: 21/40 MP: 4/10
  5112 | D:4      | You fall into a shaft and drop 3 floors!
  5157 | D:6      | Noticed a black bear
  5167 | D:6      | Killed a black bear
  5168 | D:6      | Reached XP level 7. HP: 39/45 MP: 8/11
  5220 | D:6      | Found a staircase to the Ecumenical Temple.
  5229 | Temple   | Entered the Ecumenical Temple
  5479 | Temple   | Became a worshipper of Makhleb the Destroyer
  5601 | D:5      | Entered Level 5 of the Dungeon
  5609 | D:5      | Reached skill level 5 in Unarmed Combat
  6357 | D:5      | Reached skill level 5 in Transmutations
  6357 | D:5      | Reached XP level 8. HP: 46/52 MP: 9/13
  7663 | D:4      | Identified a scroll of acquirement
  7663 | D:4      | Acquired 960 gold pieces
  7665 | D:4      | Gained mutation: Your flesh is heat resistant. (rF+)
                  | [potion of mutation]
  7684 | D:4      | HP: 2/52 [ice beast (4)]
  7684 | D:4      | Mangled by an ice beast

Illustrated notes

Levels and vault maps discovered:
D:1:      minmay_arrival_cross, layout_loops_ring
D:2:      layout_loops_ring, basic_ecumenical_altar
D:3:      layout_basic, portal_sewer_entry_b, roderic_batcave,
          kennysheep_jessica_study
D:4:      layout_cave_pools, minmay_hedge_maze
D:5:      layout_loops_ring
D:6:      layout_loops_corners, minmay_temple_entry_overgrown,
          corexii_corridor_pit, minmay_a_box_with_orc_wizards_in_it,
          uniq_grinder
D:7:      layout_rooms
Temple:   mainiacjoe_temple_archimedes_tessellation

Skill      XL: |  1  2  3  4  5  6  7 |
---------------+----------------------+-----
Poison Magic   | 1 |  1.0
Transmutations | 3 4 5 |  5.0
Fighting       | 2 3 |  3.3
Unarmed Combat | 4 5 |  5.6
Dodging        | 3 |  3.8
Spellcasting   | 3 |  3.6

Action                   |  1- 3 |  4- 6 |  7- 9 || total
-------------------------+-------+-------+-------++-------
Melee: Unarmed           |    67 |    94 |   101 ||   262
       Constrict         |    16 |    14 |     6 ||    36
       Tentacles         |    10 |    10 |     4 ||    24
       Kick              |    11 |    19 |     9 ||    39
       Punch             |       |     2 |     2 ||     4
 Cast: Beastly Appendage |    23 |    20 |     6 ||    49
       Spider Form       |     1 |     3 |    12 ||    16
  Use: Scroll            |     2 |     5 |     2 ||     9
       Potion            |     1 |     3 |     2 ||     6
 Stab: Sleeping          |     6 |     5 |       ||    11
Armor: Skin              |     6 |     4 |     4 ||    14
Dodge: Dodged            |    48 |    69 |    87 ||   204

Table legend: (Time is in decaauts)
 A = Elapsed time spent in this place.
 B = Non-inter-level travel time spent in this place.
 C = Inter-level travel time spent in this place.
 D = Time resting spent in this place.
 E = Time spent auto-exploring this place.
 F = Levels seen in this place.
 G = Mean time per level.
                   A        B        C        D        E       F      G
               +--------+--------+--------+--------+--------+-----+--------+
         Total |   7670 |   7524 |    146 |   2784 |   3864 |   8 |  958.8 |
       Dungeon |   7407 |   7286 |    121 |   2784 |   3644 |   7 | 1058.1 |
        Temple |    262 |    237 |     25 |      0 |    220 |   1 |  262.0 |
               +--------+--------+--------+--------+--------+-----+--------+

Top non-repeatable levels by time:
     D:3: 3613 daAuts
     D:2: 1046 daAuts
     D:5: 924 daAuts
     D:1: 877 daAuts
     D:4: 719 daAuts
  Temple: 262 daAuts
     D:6: 177 daAuts
     D:7: 48 daAuts
